 Dungeon Crawl Stone Soup version 0.30-a0-629-gd54f4be4f7 (webtiles) character file.

Game seed: 9975235381436811585

128 kae the Insei (level 4, -5/32 HPs)
             Began as a Demonspawn Transmuter on Jan 12, 2023.
             Killed by nerve-wracking pain
             ... invoked by Jessica
              (13 damage)
             ... on level 3 of the Dungeon.
             The game lasted 00:02:46 (1742 turns).

kae the Insei (Demonspawn Transmuter)               Turns: 1742, Time: 00:02:47

Health: -5/32      AC:  2    Str: 10    XL:     4   Next: 86%
Magic:  0/8        EV: 19    Int: 16    God:
Gold:   125        SH:  0    Dex: 19    Spells: 2/8 levels left

rFire   . . .      SeeInvis .      - Unarmed
rCold   . . .      Faith    .    (shield currently unavailable)
rNeg    . . .      Spirit   .    (body armour currently unavailable)
rPois   x          Reflect  .    (helmet currently unavailable)
rElec   .          Harm     .    (cloak currently unavailable)
rCorr   .          Rampage  .    (gloves currently unavailable)
Will    .....                    (boots currently unavailable)
Stlth   ++                       (no amulet)
HPRegen 0.25/turn                (no ring)
MPRegen 0.11/turn                (no ring)

@: spider-form
A: venomous fangs, tiny, foul stench 1, demonic magic 1
a: End Transformation


You were on level 3 of the Dungeon.
You were a venomous arachnid creature.
You visited 1 branch of the dungeon, and saw 3 of its levels.

You collected 125 gold pieces.


Innate Abilities, Weirdness & Mutations

You are a venomous arachnid creature.
You have venomous fangs.
You are tiny and dextrous.
Your spellcasting is less reliable in this form.
Your armour is entirely melded.
You are incapable of wielding weapons or throwing items.
You may rarely emit foul miasma when damaged in melee.
Spells you cast may paralyse adjacent enemies.


   Skills:
 - Level 1.0 Fighting
 - Level 1.7 Dodging
 + Level 3.3 Unarmed Combat
 + Level 2.6 Spellcasting
 * Level 3.3 Transmutations
 - Level 1.5 Poison Magic


You had 2 spell levels left.
You knew the following spells:

 Your Spells              Type           Power      Damage    Failure   Level
a - Beastly Appendage     Tmut           24%        N/A       14%         1
b - Wereblood             Tmut           12%        N/A       21%         2
c - Spider Form           Tmut/Pois      9%         N/A       43%         3

Your spell library contained the following spells:

 Spells                   Type           Power      Damage    Failure   Level
 Ice Form                 Ice/Tmut       7%         N/A       85%         4

Inventory:

Missiles
 e - 29 stones
 i - 5 poisoned darts
Armour
 a - a +1 robe (melded)
Magical Staves
 d - a staff of air {!a}
   (You found it on level 1 of the Dungeon)
 h - a staff of death {!a}
   (You found it on level 2 of the Dungeon)
 o - a staff of cold {!a}
   (You found it on level 2 of the Dungeon)
Scrolls
 g - a scroll of identify {@r1}
 l - a scroll of teleportation {@r4}
Potions
 b - a potion of lignification {!q}
 c - a potion of brilliance
 f - a potion of attraction {!q}

Dungeon Overview and Level Annotations

Branches:
Dungeon (3/15) Zot: 16267

Altars:

Annotations:
D:3 Jessica

.... ..# #.?$. #.#
#.⌠..#.# #...#.# #..#.#
#.#.# #...# #..s#
#..@##### ####
##......^# #...
##....)...# #...
##.........# #...
#.⌠........# #.).
#...........#########...
............).......'...
....#.......#########...


You could see Jessica (fast).


Message History

You barely miss the orc. Your kick misses the orc.
The orc hits you with a +0 short sword.
* * * LOW HITPOINT WARNING * * *
😨 HP[-3]
You take 3 damage, and now have 15/32 hp.
You barely miss the orc. You headbutt the orc, but do no damage.
The orc closely misses you.
You hit the orc.
You kill the orc!
The bat closely misses you.
Unknown command.
The bat closely misses you.
There is an open door, spattered with blood here.
Things that are here:
a +0 short sword; a +0 leather armour; 😨 HP[+1]
You hit the bat.
You kill the bat!
A goblin comes into view. It is wielding a +0 dagger.
The goblin shouts! 😮 HP[+1] Jessica the Apprentice Sorceress comes into view.
She is wielding a +0 club.
Your transformation is almost over.
Jessica shouts!
The goblin throws a stone.
The stone misses you. 😮 MP[+1]
Casting: Beastly Appendage (safe; 4% risk of failure)
Confirm with . or Enter, or press ? or * to list all spells.
The spell is quite dangerous to miscast (22% risk of failure)!
Continue anyway? [Y]es or [N]o only, please.
The spell is quite dangerous to miscast (22% risk of failure)!
Continue anyway?
You miscast Spider Form.
You are very lightly contaminated with residual magic.
Nothing appears to happen.
The goblin throws a stone.
The stone hits you but does no damage. 😮 HP[+1] MP[-3]
You lost 3 mp, and now have 2/7 mp.
Casting: Spider Form (quite dangerous; 22% risk of failure)
Confirm with . or Enter, or press ? or * to list all spells.
You don't have enough magic to cast this spell.
A dart slug comes into view.
The goblin hits you with a +0 dagger.
* * * LOW HITPOINT WARNING * * *
You emit a cloud of foul miasma! 😨 HP[-3]
You take 3 damage, and now have 15/32 hp.
You hit the goblin.
You kill the goblin!
You hear the slow rusting of a very distant drain.
Things that are here:
a +0 dagger; 6 stones; a goblin corpse Jessica gestures wildly while chanting.
Jessica seems to speed up. 😨 HP[+1]
You hit the dart slug.
You claw the dart slug, but do no damage.
You headbutt the dart slug.
You kill the dart slug!
Your horns disappear.
Your talons disappear.
Jessica points at you and mumbles some strange words.
Pain shoots through your body!
* * * LOW HITPOINT WARNING * * *
Jessica mumbles something strange. 😱 HP[-10]
You take 10 damage, and now have 6/32 hp.
MASSIVE DAMAGE!! (PAUSE) It was a potion of curing.
You feel better. 😨 HP[+7]
You regained 7 hp, and now have 13/32 hp.
Casting: Spider Form (quite dangerous; 22% risk of failure)
Confirm with . or Enter, or press ? or * to list all spells.
You don't have enough magic to cast this spell.
Jessica gestures at you while chanting. You resist with some effort.
Jessica casts a spell at you. Pain shoots through your body!
* * * LOW HITPOINT WARNING * * *
Your magical contamination has completely faded away.
You see here a dart slug corpse. 😱 HP[-5] MP[+1]
You take 5 damage, and now have 8/32 hp.
Casting: Spider Form (quite dangerous; 22% risk of failure)
Confirm with . or Enter, or press ? or * to list all spells.
The spell is quite dangerous to miscast (22% risk of failure)!
Continue anyway? [Y]es or [N]o only, please.
The spell is quite dangerous to miscast (22% risk of failure)!
Continue anyway?
Okay, then.
Unknown command.
Casting: Spider Form (quite dangerous; 22% risk of failure)
Confirm with . or Enter, or press ? or * to list all spells.
The spell is quite dangerous to miscast (22% risk of failure)!
Continue anyway? [Y]es or [N]o only, please.
The spell is quite dangerous to miscast (22% risk of failure)!
Continue anyway?
You turn into a venomous arachnid creature.
Your +1 robe melds into your body.
Malevolent energies surge around you.
Jessica looks very angry. 😱 MP[-3]
You lost 3 mp, and now have 0/8 mp.
Jessica casts a spell at you. Pain shoots through your body!
You die...

Skill      XL: |  1  2  3  4 |
---------------+-------------+-----
Transmutations | 2 3 |  3.3
Unarmed Combat | 3 |  3.3
Poison Magic   | 1 |  1.5
Fighting       | |  1.0
Dodging        | |  1.7
Spellcasting   | |  2.6

Action                   |  1- 3 |  4- 6 || total
-------------------------+-------+-------++-------
Melee: Unarmed           |   128 |    41 ||   169
       Headbutt          |    12 |     4 ||    16
       Kick              |    19 |     5 ||    24
 Cast: Beastly Appendage |    20 |     6 ||    26
       Spider Form       |     1 |     3 ||     4
       Wereblood         |     1 |       ||     1
  Use: Scroll            |     3 |     4 ||     7
       Potion            |     1 |     1 ||     2
 Stab: Paralysed         |    11 |     1 ||    12
Armor: Robe              |    28 |     8 ||    36
       Skin              |    21 |       ||    21
Dodge: Dodged            |    86 |    20 ||   106

Levels and vault maps discovered:
D:1:      ncdulo_smallfort, layout_rooms, shapermc_ecumenical_altar_mp_vishouse,
          minmay_domino_4
D:2:      layout_loops_cross, grunt_ministairs_5, kennysheep_nondescript,
          uniq_robin
D:3:      layout_basic, mainiacjoe_overflow_alcove_2,
          nicolae_overflow_ecumenical_swirl, portal_sewer_entry_e, uniq_ijyb,
          uniq_jessica

Notes
Turn   | Place    | Note
-------+----------+-------------------------------------------
     0 | D:1      | kae the Demonspawn Transmuter began the quest for the Orb.
     0 | D:1      | Reached XP level 1. HP: 15/15 MP: 3/3
     0 | D:1      | magus.rc [v1.11.3]
    40 | D:1      | Reached skill level 2 in Transmutations
   135 | D:1      | Gained mutation: Spells you cast may paralyse adjacent
                  | enemies. [demonic ancestry]
   135 | D:1      | Reached XP level 2. HP: 21/21 MP: 3/5
   318 | D:1      | Reached skill level 3 in Unarmed Combat
   456 | D:1      | Reached XP level 3. HP: 20/26 MP: 4/6
   476 | D:1      | Learned a level 2 spell: Wereblood
   480 | D:1      | Learned a level 3 spell: Spider Form
   669 | D:1      | Found a faded altar of an unknown god.
   861 | D:2      | Noticed Robin
   868 | D:2      | Killed Robin
   874 | D:2      | HP: 6/26 [poisoned by Robin]
   879 | D:2      | HP: 8/39 [poisoned by Robin]
  1034 | D:2      | Reached skill level 1 in Poison Magic
  1087 | D:2      | Gained mutation: You may rarely emit foul miasma when
                  | damaged in melee. [demonic ancestry]
  1087 | D:2      | Reached XP level 4. HP: 32/32 MP: 5/7
  1330 | D:2      | Reached skill level 3 in Transmutations
  1730 | D:3      | Noticed Jessica
  1738 | D:3      | HP: 6/32 [Jessica/nerve-wracking pain (10)]
  1742 | D:3      | Killed from afar by Jessica

Vanquished Creatures
  An orc priest (D:3)
  Robin (D:2)
  An adder (D:2)
  A dart slug (D:3)
  5 orcs (D:3)
  7 bats
  5 endoplasms
  2 giant cockroaches
  10 goblins
  3 hobgoblins
  7 jackals (D:1)
  6 kobolds
  A quokka (D:1)
  2 ball pythons
  5 frilled lizards
  7 rats
64 creatures vanquished.

Table legend:
 A = Non-vault XP
 B = Vault XP
 C = Vault XP percentage of total XP
 D = Non-vault monster count
 E = Vault monster count
 F = Vault count percentage of total count
                 A         B        C        D         E       F
            +---------+---------+-------+---------+---------+-------
      Total |     146 |      37 |  20.2 |      51 |      13 |  20.3
            +---------+---------+-------+---------+---------+-------
        D:1 |      52 |       5 |   8.8 |      31 |       3 |   8.8
        D:2 |      27 |      32 |  54.2 |      10 |      10 |  50.0
        D:3 |      67 |       0 |   0.0 |      10 |       0 |   0.0
            +---------+---------+-------+---------+---------+-------

Illustrated notes

Table legend:
 A = Kills in this place as a percentage of kills in entire the game.
 B = Kills by you in this place as a percentage of kills by you in the entire game.
 C = Kills by friends in this place as a percentage of kills by friends in the entire game.
 D = Other kills in this place as a percentage of other kills in the entire game.
 E = Experience gained in this place as a percentage of experience gained in the entire game.
 F = Experience gained in this place divided by the number of levels of this place that you have seen.
                   A       B       C       D       E      F
               +-------+-------+-------+-------+-------+----------------------
         Total | 100.0 | 100.0 |   N/A |   N/A | 100.0 |  61.0
       Dungeon | 100.0 | 100.0 |   N/A |   N/A | 100.0 |  61.0
               +-------+-------+-------+-------+-------+----------------------

Table legend: (Time is in decaauts)
 A = Elapsed time spent in this place.
 B = Non-inter-level travel time spent in this place.
 C = Inter-level travel time spent in this place.
 D = Time resting spent in this place.
 E = Time spent auto-exploring this place.
 F = Levels seen in this place.
 G = Mean time per level.
                   A        B        C        D        E       F      G
               +--------+--------+--------+--------+--------+-----+--------+
         Total |   1731 |   1714 |     17 |      2 |   1265 |   3 |  577.0 |
       Dungeon |   1731 |   1714 |     17 |      2 |   1265 |   3 |  577.0 |
               +--------+--------+--------+--------+--------+-----+--------+

Top non-repeatable levels by time:
     D:2: 858 daAuts
     D:1: 773 daAuts
     D:3: 100 daAuts
